 Dungeon Crawl Stone Soup version 0.23.2-1-ga50397a (webtiles) character file.

Game seed: 16070366150300649390

220 shadizar the Shield-Bearer (level 5, 0/33 HPs)
             Began as a Gargoyle Fighter on May 19, 2019.
             Slain by a killer bee (1 damage)
             ... on level 4 of the Dungeon.
             The game lasted 00:02:47 (2757 turns).

shadizar the Shield-Bearer (Gargoyle Fighter)       Turns: 2757, Time: 00:02:48

Health: 0/33       AC: 11    Str: 25    XL:     5   Next: 97%
Magic:  5/5        EV:  8    Int: 14    God:
Gold:   191        SH: 10    Dex:  9    Spells: 4/4 levels left

rFire    . . .     SeeInvis .   a - +0 flail
rCold    . . .     Gourm    .   c - +0 shield
rNeg     + . .     Faith    .   b - +0 scale mail
rPois    ∞         Spirit   .   (no helmet)
rElec    +         Reflect  .   (no cloak)
rCorr    .         Harm     .   (no gloves)
MR       .....                  (no boots)
Stlth    ..........             (no amulet)
HPRegen  0.11/turn              (no ring)
MPRegen  0.09/turn              (no ring)

@: mighty, brilliant
A: negative energy resistance 1, electricity resistance, unbreathing,
petrification resistance, rot immunity, AC +4
a: no special abilities


You were on level 4 of the Dungeon.
You were not hungry.

You visited 1 branch of the dungeon, and saw 4 of its levels.

You collected 191 gold pieces.

Inventory:

Hand Weapons
 a - a +0 flail (weapon)
Armour
 b - a +0 scale mail (worn)
 c - a +0 shield (worn)
 k - a +0 chain mail
 m - a +1 cloak
Jewellery
 s - an uncursed amulet of rage {unknown}
Scrolls
 e - a scroll of immolation {unknown}
 i - 5 scrolls of remove curse {unknown}
 j - 3 scrolls of teleportation {unknown}
 l - 4 scrolls of identify {unknown}
 n - a scroll of amnesia {unknown}
 o - a scroll of random uselessness {unknown}
 p - a scroll of magic mapping {unknown}
 q - a scroll of fear {unknown}
 r - a scroll of fog {unknown}
Potions
 d - a potion of might
Comestibles
 f - 10 rations


   Skills:
 + Level 4.0 Fighting
 + Level 4.0 Maces & Flails
 + Level 4.1 Armour
 + Level 1.0 Dodging
 + Level 4.4 Shields


You had 4 spell levels left.
You didn't know any spells.
Your spell library was empty.

Dungeon Overview and Level Annotations

Branches:
Dungeon (4/15)
 Temple: D:4-7

Altars:
Cheibriados


Innate Abilities, Weirdness & Mutations

You are resistant to torment.
Your stone body is resilient. (AC +4)
You are immune to poison.
You resist negative energy. (rN+)
You are resistant to electric shocks. (rElec)
You can survive without breathing.
You are immune to petrification.
You are immune to rotting.


Message History

You feel clever all of a sudden. You block the killer bee's attack.
The killer bee stings you but does no damage.
You block the killer bee's attack. The killer bee misses you.
Unknown command.
Unknown command.
Unknown command.
Unknown command.
You feel very mighty all of a sudden. You block the killer bee's attack. x2
The killer bee stings you but does no damage.
The killer bee stings you.
* * * LOW HITPOINT WARNING * * *
Unknown command.
Unknown command.
Unknown command.
The killer bee closely misses you. You block the killer bee's attack.
You block the killer bee's attack. The killer bee stings you.
You die...

.....(..........#....#..####
................#....#..#...
.########.......'....#..#...
#.......#...##..##..
#.......#.>.######..
#.......#...#...##..
#.......#...'...####
#.......#...##..##..
#####@y...#...##..##.. ..
#yy...#........... ..
#yy...#...........
#.##y....#...........
###.#..######..##..##.. ..
#...#..#♣.♣♣#..##..##.. ....
#...'..#...♣#..........
.....#'###..#♣♣♣.'..##......
#.......#.♣..#..##..##..


You could see 6 killer bees.

Vanquished Creatures
  An iguana (D:4)
  An orc wizard (D:3)
  2 worker ants
  6 adders
  An ooze (D:3)
  2 dart slugs
  3 leopard geckos
  5 orcs
  4 giant cockroaches
  2 goblins (D:3)
  3 hobgoblins
  10 jackals
  5 kobolds
  A ball python (D:1)
  5 bats
  A frilled lizard (D:3)
  4 rats
56 creatures vanquished.

Notes
Turn   | Place    | Note
-------+----------+-------------------------------------------
     0 | D:1      | shadizar the Gargoyle Fighter began the quest for the Orb.
     0 | D:1      | Reached XP level 1. HP: 14/14 MP: 1/1
   327 | D:1      | Reached XP level 2. HP: 19/19 MP: 2/2
   834 | D:2      | Reached XP level 3. HP: 20/23 MP: 3/3
   875 | D:2      | Found a snail-covered altar of Cheibriados.
  1139 | D:2      | Reached XP level 4. HP: 28/29 MP: 4/4
  1431 | D:3      | Reached XP level 5. HP: 19/33 MP: 5/5
  2362 | D:4      | Reached skill level 1 in Dodging
  2754 | D:4      | HP: 1/33 [killer bee (5)]
  2757 | D:4      | Slain by a killer bee

Skill      XL: |  1  2  3  4  5 |
---------------+----------------+-----
Maces & Flails | 3 4 |  4.0
Shields        | 4 |  4.4
Armour         | 4 |  4.1
Dodging        | 1 |  1.0
Fighting       | 4 |  4.0

Action                   |  1- 3 |  4- 6 || total
-------------------------+-------+-------++-------
Melee: Flail             |    91 |   158 ||   249
  Use: Potion            |       |     3 ||     3
  Eat: Chunk             |       |     6 ||     6
Armor: Scale mail        |    53 |   110 ||   163
Dodge: Dodged            |    34 |    61 ||    95
Block: Shield            |    55 |   114 ||   169
